 Dungeon Crawl Stone Soup version 0.28-a0-883-gc8d7bad45d (webtiles) character file.

Game seed: 6320028901686443888

1810 Anon1729 the Covert (level 9, 0/49 (51) HPs)
             Began as a Kobold Brigand on Nov 21, 2021.
             Was an Initiate of Wu Jian.
             Slain by a wight (8 damage)
             ... on level 6 of the Dungeon.
             The game lasted 00:08:46 (7661 turns).

Anon1729 the Covert (Kobold Brigand)                Turns: 7661, Time: 00:08:46

HP:   0/49 (51)     AC:  5    Str:  8    XL:     9   Next: 31%
MP:   9/9           EV: 16    Int: 13    God:    Wu Jian [......]
Gold: 192           SH:  5    Dex: 19    Spells: 8/8 levels left

rFire   + . .      SeeInvis +   t - +2 short sword (drain)
rCold   . . .      Faith    .   (shield restricted)
rNeg    . . .      Spirit   .   q - +2 robe {rF+}
rPois   .          Reflect  +   (no helmet)
rElec   .          Harm     .   c - +0 cloak
rCorr   .          Rampage  .   (no gloves)
Will    .....                   (no boots)
Stlth   ++++++....              k - amulet of reflection
HPRegen 0.16/turn               i - ring of see invisible
MPRegen 0.11/turn               (no ring)

@: studying Air Magic, lightly drained
A: small, no large weapons, nightstalker 3
a: Renounce Religion


You were on level 6 of the Dungeon.
You worshipped Wu Jian.
Wu Jian was noncommittal.
You visited 2 branches of the dungeon, and saw 7 of its levels.

You collected 276 gold pieces.
You spent 84 gold pieces at shops.

Inventory:

Hand Weapons
 a - a +2 dagger
 t - a +2 short sword of draining (weapon)
 C - a +3 dagger
Missiles
 d - 41 poisoned darts
 e - a curare-tipped dart (quivered)
 r - a throwing net
Armour
 c - a +0 cloak (worn)
 q - a +2 robe of fire resistance (worn)
Jewellery
 i - a ring of see invisible (left hand)
 k - an amulet of reflection (around neck)
Scrolls
 f - a scroll of blinking {unknown}
 g - a scroll of immolation {unknown}
 j - 3 scrolls of amnesia {unknown}
 l - 2 scrolls of enchant armour {unknown}
 m - 3 scrolls of teleportation {unknown}
 o - 7 scrolls of identify {unknown}
 s - a scroll of noise {unknown}
 w - a scroll of fear {unknown}
 y - a scroll of brand weapon {unknown}
Potions
 b - a potion of berserk rage {unknown}
 h - a potion of flight {unknown}
 n - 2 potions of haste {unknown}
 p - 5 potions of heal wounds
 u - a potion of degeneration
 v - a potion of lignification {unknown}
 x - 3 potions of brilliance {unknown}
 z - a potion of curing {unknown}
 A - a potion of experience {unknown}
 B - a potion of might {unknown}


   Skills:
 + Level 3.4 Fighting
 * Level 10.4 Short Blades
 - Level 2.4 Throwing
 + Level 3.1 Dodging
 * Level 12.0 Stealth


You had 8 spell levels left.
You didn't know any spells.
Your spell library contained the following spells:

 Spells                   Type           Power      Damage    Failure   Level
 Sandblast                Erth           0%         2d4       30%         1
 Corpse Rot               Necr/Air       0%         N/A       43%         2
 Passwall                 Tmut/Erth      0%         N/A       43%         2
 Poisonous Vapours        Pois/Air       0%         N/A       43%         2
 Stone Arrow              Conj/Erth      0%         3d7       67%         3
 Malign Gateway           Summ/Tloc      0%         N/A       100%        7
 Summon Horrible Things   Summ           0%         N/A       100%        8


Dungeon Overview and Level Annotations

Branches:
Dungeon (6/15)             Temple (1/1) D:5

Altars:
Ashenzari
Elyvilon
Gozag
Kikubaaqudgha
Okawaru
Qazlal
Trog
Uskayaw
Wu Jian
Xom
Yredelemnul

Shops:
D:3 !   D:6 =

Annotations:
D:6 3 runed translucent doors


Innate Abilities, Weirdness & Mutations

You are small and have problems with some larger weapons.
You are completely attuned to the shadows.


Message History

The wight is almost destroyed.
The wight completely misses you.
You barely miss the wight.
The wight is almost destroyed.
You closely miss the wight.
The wight is almost destroyed.
The wight hits you with a +3 dagger.
You feel drained.
You hit the wight but do no damage.
The wight is almost destroyed.
The wight hits you with a +3 dagger.
You feel drained.
You hit the wight but do no damage.
The wight is almost destroyed.
You barely miss the wight.
The wight is almost destroyed.
The wight barely misses you.
You hit the wight.
You destroy the wight!
The Council accepts your kill.
Your Dodging skill increases to level 3!
Your Stealth skill increases to level 12!
You hit the wight.
You destroy the wight!
The Council accepts your kill.
Your life force feels restored.
Items here: )) [[.
C - a +3 dagger You start resting.
A wight is nearby!
A wight is nearby!
A wight is nearby!
A wight is nearby!
You lunge at the wight, in a flurry of attacks.
You puncture the wight!
The wight is heavily damaged.
You closely miss the wight.
The wight is heavily damaged.
The wight hits you with a +3 great sword!!
* * * LOW HITPOINT WARNING * * *
You feel drained.
You die...

..#..#..##.#.##...≈≈≈≈..§§§§§§§
†#..#.†##..#.#..≈≈≈≈≈≈..§§§§§§§
##########.#.#.≈.......§§######
#.##.##.#..#^#._.....⌠..##
...........#.#....##.....#
....########.########...##
.#### .......)...## ## .#
##...###### #. .# ##.@.# # .###
#..z.# # ...## ##....# #
#...### #.....# ......##
##.....# ####♣⌠ .......#
##......# #..#.. ......##
#.......# #..#.. ......#
##.......###..+.. ......#
##.........#...+..


You could see a wight.

Vanquished Creatures
  A yak (D:6)
  A black bear (D:5)
  3 sky beasts
  An ogre (D:5)
  A necrophage (D:3)
  A centaur (D:4)
  A phantom (D:5)
  3 scorpions (D:4)
  2 water moccasin skeletons
  3 wights (D:6)
  A vampire bat (D:5)
  3 hounds
  6 jellies
  An iguana (D:4)
  A gnoll shaman (D:3)
  Jessica (D:3)
  An orc wizard (D:3)
  4 adders
  4 gnolls
  An ufetubus (D:6)
  A worm (D:3)
  5 dart slugs
  17 orcs
  12 bats
  3 endoplasms
  5 giant cockroaches
  4 goblins
  3 hobgoblins
  4 jackals (D:4)
  4 kobolds
  3 quokkas
  2 ball pythons
  2 frilled lizards
  3 rats (D:1)
108 creatures vanquished.

Notes
Turn   | Place    | Note
-------+----------+-------------------------------------------
     0 | D:1      | Anon1729 the Kobold Brigand began the quest for the Orb.
     0 | D:1      | Reached XP level 1. HP: 12/12 MP: 1/1
    67 | D:1      | Found a faded altar of an unknown god.
   182 | D:1      | Reached XP level 2. HP: 18/18 MP: 2/2
   673 | D:1      | Reached XP level 3. HP: 22/22 MP: 3/3
  1290 | D:2      | Reached skill level 6 in Stealth
  1731 | D:3      | Noticed Jessica
  1733 | D:3      | Killed Jessica
  1734 | D:3      | Reached XP level 4. HP: 27/27 MP: 4/4
  2391 | D:3      | Noticed an earth elemental
  2392 | D:3      | Found a stormy altar of Qazlal.
  2392 | D:3      | Noticed a water elemental
  2395 | D:3      | Noticed a fire elemental
  2395 | D:3      | Noticed an air elemental
  2646 | D:4      | Noticed a necrophage
  2659 | D:3      | Reached XP level 5. HP: 16/31 MP: 5/5
  3102 | D:3      | Reached skill level 7 in Stealth
  3146 | D:3      | Found Kaucem's Distillery.
  3152 | D:3      | Bought a potion of degeneration for 14 gold pieces
  3152 | D:3      | Bought a potion of heal wounds for 70 gold pieces
  3166 | D:3      | Reached skill level 5 in Short Blades
  3472 | D:3      | Found a white marble altar of Elyvilon.
  4015 | D:3      | Killed a necrophage
  4016 | D:3      | Reached XP level 6. HP: 13/36 MP: 6/6
  4249 | D:4      | Reached skill level 8 in Stealth
  4395 | D:4      | Noticed a two-headed ogre
  4736 | D:4      | Found a hide-covered altar of Uskayaw.
  4815 | D:4      | Reached XP level 7. HP: 40/40 MP: 7/7
  5059 | D:4      | Reached skill level 9 in Stealth
  5515 | D:5      | Entered Level 5 of the Dungeon
  5547 | D:5      | Found a shimmering altar of Xom.
  5550 | D:5      | Found a bloodstained altar of Trog.
  5552 | D:5      | Found a broken altar of Ashenzari.
  5744 | D:5      | Found a staircase to the Ecumenical Temple.
  5773 | D:5      | Reached XP level 8. HP: 45/45 MP: 8/8
  5783 | Temple   | Entered the Ecumenical Temple
  5799 | Temple   | Became a worshipper of the Wu Jian Council
  5845 | D:5      | Reached skill level 10 in Stealth
  6511 | D:5      | Reached skill level 11 in Stealth
  7129 | D:6      | Found an ancient bone altar of Kikubaaqudgha.
  7160 | D:6      | Found Igau's Jewellery Shop.
  7252 | D:6      | Reached XP level 9. HP: 49/49 MP: 9/9
  7344 | D:6      | Reached skill level 10 in Short Blades
  7514 | D:6      | Found a runed translucent gate.
  7514 | D:6      | Found a runed translucent gate.
  7514 | D:6      | Found a runed translucent gate.
  7649 | D:6      | Reached skill level 12 in Stealth
  7661 | D:6      | Slain by a wight

Illustrated notes

Levels and vault maps discovered:
D:1:      psy_arrival_radial02, layout_loops_corners,
          shapermc_ecumenical_altar_totnotflames
D:2:      layout_basic
D:3:      layout_basic, lemuel_tele_altar, nicolae_qazlal_style_of_elements,
          serial_shops, nicolae_shop_waterfront, uniq_jessica
D:4:      layout_rooms, kennysheep_mini_moat
D:5:      layout_gridville, grunt_temple_overflow_open,
          minmay_temple_entry_hall, roderic_batcave
D:6:      layout_cave_pods, beargit_hepliaklqana_dungeon_heroes,
          kiku_gazebo_pond_becter, gammafunk_ghost_cemetery, serial_shops,
          nicolae_shop_hallway_stairs, hangedman_decor_push,
          minmay_manual_macuahuitl
Temple:   eino_wide_crystal_templ

Skill      XL: |  1  2  3  4  5  6  7  8  9 |
---------------+----------------------------+-----
Short Blades   | 3 4 5 6 8 9 10 | 10.4
Stealth        | 6 7 8 9 11 12 | 12.0
Dodging        | 2 3 |  3.1
Fighting       | 3 |  3.4
Throwing       | |  2.4

Action                   |  1- 3 |  4- 6 |  7- 9 || total
-------------------------+-------+-------+-------++-------
Melee: Dagger            |    32 |   102 |       ||   134
       Short sword       |       |    71 |   138 ||   209
Throw: Dart              |       |     3 |       ||     3
Invok: Lunge             |       |       |    12 ||    12
 Stab: Sleeping          |    20 |    12 |    27 ||    59
Armor: Robe              |     1 |    19 |    25 ||    45
Dodge: Dodged            |     4 |    83 |    57 ||   144
Block: Other             |       |    30 |    28 ||    58
       Reflection        |       |       |     2 ||     2

Table legend: (Time is in decaauts)
 A = Elapsed time spent in this place.
 B = Non-inter-level travel time spent in this place.
 C = Inter-level travel time spent in this place.
 D = Time resting spent in this place.
 E = Time spent auto-exploring this place.
 F = Levels seen in this place.
 G = Mean time per level.
                   A        B        C        D        E       F      G
               +--------+--------+--------+--------+--------+-----+--------+
         Total |   7586 |   7363 |    223 |   1203 |   4976 |   7 | 1083.7 |
       Dungeon |   7564 |   7341 |    223 |   1203 |   4972 |   6 | 1260.7 |
        Temple |     22 |     22 |      0 |      0 |      4 |   1 |   22.0 |
               +--------+--------+--------+--------+--------+-----+--------+

Top non-repeatable levels by time:
     D:3: 2721 daAuts
     D:1: 1251 daAuts
     D:5: 1121 daAuts
     D:6: 971 daAuts
     D:4: 806 daAuts
     D:2: 692 daAuts
  Temple: 22 daAuts
